Map: Kairos Junction LE

Players

Yocto

  • Race: Zerg Zerg
  • League: Platinum
  • Spawn Location: 11:00

SingleMan - Winner!

  • Race: Zerg Zerg
  • League: Platinum
  • Spawn Location: 5:00

VOD

Have the link to the VOD?

Description

Time

  • Played on: Dec. 22, 2018, 5:40 a.m.
  • Length: 20:48
Show
View Real Time Build Order
Export as new Build Order

Yocto Zerg 

Build Orders: Hatch First 

Get SALT Encoding   

  12  0:01  Drone  
  13  0:22  Overlord, Drone  
  13  0:25  Extractor  
  13  0:26  Drone  
  15  0:46  Drone x2  
  17  1:00  Hatchery  
  17  1:01  Drone  
  17  1:03  Extractor  
  16  1:08  Drone  
  17  1:17  Drone  
  18  1:23  Spawning Pool  
  17  1:27  Drone  
  18  1:38  Drone  
  19  1:50  Overlord  
  19  2:03  Drone  
  20  2:11  Queen  
  20  2:13  Queen  
  20  2:15  Metabolic Boost  
  24  2:22  Zergling x4  
  26  2:23  Drone  
  26  2:27  Drone  
  28  2:36  Drone x2  
  30  2:56  Lair  
  30  2:58  Extractor  
  29  3:01  Queen  
  31  3:06  Baneling Nest  
  30  3:14  Drone x3  
  33  3:23  Drone  
  33  3:24  Drone x2  
  35  3:35  Overlord  
  35  3:51  Overlord  
  35  3:56  Hatchery  
  34  4:03  Spire  
  34  4:04  Drone  
  34  4:10  Extractor, Zergling x8  
  34  4:11  Extractor, Zergling x4  
  34  4:13  Baneling  
  34  4:15  Baneling  
  38  4:20  Drone x2  
  40  4:27  Drone x2  
  42  4:37  Overlord  
  43  4:45  Drone x2  
  43  4:46  Drone x3  
  47  4:57  Overlord  
  47  5:11  Drone x2  
  47  5:12  Drone x7  
  47  5:13  Drone  
  57  5:34  Drone x3  
  57  5:35  Queen, Drone x4  
  65  5:50  Drone  
  65  5:52  Overlord x4  
  65  5:56  Extractor  
  65  6:05  Evolution Chamber  
  65  6:11  Drone x5  
  66  6:12  Drone x3  
  66  6:14  Extractor  
  66  6:17  Mutalisk  
  66  6:18  Mutalisk x3  
  75  6:23  Mutalisk  
  81  6:34  Zerg Melee Weapons Level 1  
  81  6:39  Mutalisk x4  
  89  6:42  Evolution Chamber  
  89  6:45  Spine Crawler  
  87  6:53  Mutalisk  
  87  6:54  Mutalisk x3  
  95  7:07  Overlord x4  
  95  7:21  Zergling x6  
  98  7:26  Mutalisk x2  
  98  7:27  Mutalisk x4  
  110  7:33  Queen  
  112  7:37  Zerg Ground Armor Level 1  
  112  7:44  Mutalisk x2  
  108  8:14  Zergling x2  
  108  8:15  Zergling x10  
  114  8:26  Overlord x4  
  113  8:35  Zergling x2  
  113  8:40  Overlord x2  
  113  8:41  Overlord x2  
  114  8:45  Baneling x2  
  114  8:46  Baneling x6  
  114  8:59  Zergling x12  
  114  9:00  Zergling x4  
  122  9:08  Hatchery  
  107  9:13  Zergling x6  
  98  9:23  Zergling x10  
  98  9:24  Zergling x4  
  97  9:38  Mutalisk x2  
  97  9:39  Mutalisk x4  
  109  9:54  Mutalisk  
  109  9:55  Mutalisk x3  
  117  10:04  Zergling x6  
  120  10:08  Zerg Ground Armor Level 2  
  120  10:10  Centrifical Hooks  
  120  10:15  Mutalisk x2  
  120  10:16  Mutalisk  
  120  10:18  Baneling  
  120  10:20  Baneling x2  
  120  10:21  Baneling x4  
  126  10:26  Roach Warren  
  113  10:32  Drone x5  
  113  10:33  Drone x3  
  119  11:02  Zerg Missile Weapons Level 1  
  119  11:05  Glial Reconstitution  
  119  11:07  Roach x4  
  119  11:08  Overlord  
  119  11:09  Overlord x6  
  127  11:17  Drone  
  127  11:18  Overlord x3  
  132  11:32  Roach  
  132  11:33  Roach x7  
  132  11:34  Roach x7  
  158  11:52  Roach x4  
  158  11:53  Roach x4  
  174  11:59  Infestation Pit  
  173  12:06  Overseer x2  
  173  12:19  Roach x5  
  173  12:20  Roach x7  
  173  12:21  Roach  
  199  12:40  Zergling x2  
  194  13:50  Baneling x3  
  194  13:51  Baneling x8  
  194  13:52  Baneling  
  194  13:56  Overseer x6  
  194  14:03  Hive  
  194  14:06  Pneumatized Carapace  
  194  14:08  Zerg Melee Weapons Level 2, Zerg Missile Weapons Level 2  
  192  14:46  Ravager  
  192  14:47  Ravager x8  
  192  14:48  Ravager x9  
  184  15:10  Roach x2  
  184  15:11  Roach x2  
  184  15:14  Overlord x4  
  175  15:42  Roach  
  125  15:43  Roach x19  
  133  16:00  Roach x2  
  133  16:01  Roach x4  
  145  16:20  Greater Spire  
  145  16:24  Extractor  
  145  16:25  Extractor  
  143  16:26  Corruptor x3  
  143  16:27  Corruptor x7  
  143  16:28  Corruptor x2  
  143  16:31  Hatchery  
  166  16:38  Ravager x2  
  166  16:39  Ravager x4  
  172  16:42  Zergling x12  
  178  17:00  Zergling x8  
  178  17:01  Zergling x12  
  188  17:09  Hatchery  
  188  17:10  Extractor x2  
  185  17:25  Ravager  
  185  17:26  Ravager x7  
  183  18:09  Zergling x10  
  183  18:10  Zergling x2  
  88  18:28  Roach x11  
  88  18:29  Roach x6  
  88  18:33  Queen  
  120  18:38  Drone x3  
  123  18:51  Corruptor  
  123  18:52  Corruptor x3  
  125  19:20  Drone x2  
  125  19:21  Drone x6  
  133  19:28  Extractor  
  132  19:33  Extractor  
  132  19:34  Corruptor x2  
  135  20:01  Hatchery  
  134  20:32  Hatchery  
  134  20:33  Extractor  
Show
View Real Time Build Order
Export as new Build Order

SingleMan Zerg - Winner!

Build Orders: Pool First, Lurkers 

Get SALT Encoding   

  12  0:02  Drone  
  13  0:09  Drone  
  14  0:18  Overlord  
  14  0:38  Drone x3  
  17  0:57  Spawning Pool, Drone  
  17  0:58  Extractor  
  16  1:06  Drone  
  17  1:24  Hatchery  
  16  1:29  Drone x2  
  18  1:36  Drone  
  19  1:46  Queen  
  21  1:54  Zergling x2  
  21  1:57  Overlord  
  22  2:06  Metabolic Boost  
  22  2:17  Zergling x4  
  24  2:24  Baneling Nest  
  24  2:28  Queen  
  25  2:36  Drone  
  26  2:39  Queen  
  28  2:47  Drone x2  
  30  2:53  Drone  
  31  3:00  Drone x2  
  31  3:04  Drone  
  34  3:09  Baneling  
  34  3:10  Baneling x2  
  34  3:13  Drone  
  34  3:15  Drone  
  36  3:24  Overlord  
  35  3:38  Overlord  
  35  3:42  Drone  
  35  3:43  Hatchery, Drone  
  35  3:44  Drone  
  37  4:02  Baneling  
  37  4:04  Zergling x6  
  37  4:05  Drone x3  
  37  4:09  Lair  
  43  4:10  Spine Crawler  
  42  4:18  Zergling x4  
  44  4:26  Baneling  
  44  4:27  Baneling  
  44  4:29  Drone x2  
  44  4:30  Drone  
  47  4:33  Extractor  
  47  4:34  Extractor  
  47  4:36  Extractor  
  44  4:40  Baneling x2  
  44  4:46  Drone x4  
  44  4:47  Overlord  
  44  4:52  Pneumatized Carapace  
  48  4:53  Drone  
  48  4:54  Drone x2  
  51  5:09  Queen, Drone x2  
  51  5:11  Drone  
  57  5:14  Drone x3  
  59  5:24  Hydralisk Den  
  59  5:26  Centrifical Hooks  
  58  5:35  Queen  
  58  5:36  Drone x2  
  62  6:01  Drone x2  
  62  6:02  Drone  
  62  6:04  Grooved Spines  
  65  6:09  Hatchery  
  64  6:13  Drone  
  64  6:16  Baneling  
  65  6:30  Overlord x3, Extractor  
  65  6:31  Queen, Extractor  
  65  6:44  Spire  
  64  6:48  Queen  
  64  6:53  Evolution Chamber x3, Hydralisk x2  
  64  6:54  Hydralisk x3  
  73  7:03  Overseer  
  73  7:06  Queen  
  73  7:07  Drone x6  
  81  7:15  Overlord, Hydralisk x3  
  81  7:21  Zerg Missile Weapons Level 1  
  87  7:24  Drone  
  88  7:34  Drone  
  88  7:36  Queen  
  91  7:38  Queen, Drone  
  94  7:45  Overseer  
  94  7:52  Lurker Den  
  94  7:54  Drone x2  
  95  8:03  Spore Crawler  
  95  8:04  Spore Crawler x2  
  95  8:05  Spore Crawler x2  
  91  8:08  Spore Crawler  
  82  8:15  Hydralisk x4  
  83  8:33  Queen, Hydralisk  
  87  8:40  Drone  
  87  8:41  Drone x3  
  90  8:44  Hydralisk  
  90  8:45  Hydralisk  
  95  8:58  Zerg Ground Armor Level 1  
  95  9:03  Zerg Flyer Armor Level 1  
  95  9:06  Overlord x3  
  74  9:23  Hydralisk x3  
  74  9:24  Corruptor  
  81  9:36  Hydralisk x4  
  89  9:51  Overseer  
  89  9:54  Corruptor x2  
  89  9:55  Corruptor  
  95  10:02  Drone x3  
  98  10:08  Drone x3  
  101  10:21  Infestation Pit  
  100  10:33  Hatchery  
  99  10:49  Hydralisk x2  
  103  10:50  Zergling x6  
  106  11:01  Hive  
  106  11:02  Overlord x4  
  106  11:12  Baneling x2  
  106  11:13  Baneling x4  
  106  11:21  Overlord x2  
  106  11:24  Lair  
  108  11:25  Lurker x3  
  108  11:29  Drone x2  
  108  11:30  Drone x2  
  108  11:31  Drone x4  
  117  11:38  Zerg Missile Weapons Level 2  
  117  11:42  Overseer  
  117  11:51  Zerg Ground Armor Level 2  
  117  12:06  Zerg Flyer Armor Level 2  
  117  12:10  Queen  
  117  12:11  Drone x3  
  117  12:15  Queen, Viper  
  124  12:16  Viper x3  
  136  12:28  Drone  
  137  12:31  Adaptive Talons  
  137  12:45  Overlord x2  
  137  12:46  Overlord x4  
  137  13:08  Lurker x6  
  137  13:09  Lurker  
  137  13:12  Overlord x2  
  144  13:14  Overlord x4  
  144  13:15  Overlord x2  
  144  13:35  Unknown  
  143  13:51  Mutalisk, Hydralisk x2  
  143  13:52  Mutalisk x2, Corruptor  
  143  13:53  Corruptor  
  157  13:56  Drone  
  157  13:57  Drone x5  
  157  14:00  Extractor  
  157  14:01  Extractor  
  157  14:02  Zerg Missile Weapons Level 3  
  161  14:08  Overseer  
  161  14:09  Overseer  
  161  14:10  Ultralisk Cavern  
  160  14:17  Mutalisk, Corruptor  
  160  14:18  Corruptor x3  
  160  14:19  Hydralisk  
  172  14:27  Hatchery  
  171  14:39  Unknown  
  171  14:40  Unknown  
  171  14:43  Unknown  
  159  14:47  Viper x2  
  165  14:58  Drone  
  166  15:11  Spine Crawler  
  166  15:12  Hatchery, Spine Crawler  
  166  15:13  Spore Crawler, Spine Crawler  
  161  15:14  Spine Crawler  
  161  15:15  Spine Crawler  
  161  15:16  Spine Crawler  
  161  15:17  Spore Crawler  
  161  15:20  Spore Crawler x2, Drone x2  
  161  15:21  Spore Crawler, Drone  
  151  15:43  Ultralisk x3  
  151  15:44  Ultralisk  
  151  15:48  Lurker x2  
  162  16:03  Drone x3  
  165  16:11  Drone x2  
  165  16:12  Drone x2  
  169  16:18  Chitinous Plating, Zerg Flyer Armor Level 3  
  169  16:25  Drone  
  170  16:26  Overseer  
  170  16:43  Extractor  
  170  16:44  Extractor, Hydralisk  
  170  16:45  Corruptor x2  
  174  16:55  Overlord x5  
  174  17:04  Spine Crawler x2  
  174  17:06  Spine Crawler  
  174  17:07  Extractor  
  170  17:17  Hydralisk  
  170  17:18  Hydralisk x2  
  170  17:19  Extractor  
  175  17:45  Unknown  
  175  17:46  Unknown x2  
  175  17:50  Corruptor x2  
  177  17:51  Viper x3  
  140  18:58  Hydralisk x2  
  140  18:59  Hydralisk x2  
  140  19:00  Ultralisk, Corruptor x3  
  160  19:03  Ultralisk x3  
  176  19:32  Spine Crawler  
  176  19:34  Drone  
  176  19:35  Drone x5  
  181  19:40  Queen  
  183  19:47  Spine Crawler  
  183  19:48  Spine Crawler  
  183  19:51  Spine Crawler  
  183  19:52  Spine Crawler  
  179  19:55  Anabolic Synthesis  
  179  19:59  Overseer x2  
  179  20:17  Spine Crawler  
  179  20:19  Spine Crawler  
  179  20:29  Spore Crawler x2  
  179  20:31  Spore Crawler  
  176  20:40  Spine Crawler x2  
Tags
 
Composition
Lurkers
Matchup
ZvZ
Race
Zerg
Replay Pack
Yocto
Spawn Locations
Cross Positions
Add a new tag
Caveats
  • Supply blocks, unpowered buildings, or Contaminate may cause inaccurate times.
  • Supply counts are checked every 10 seconds.